[Event "*** SCC Grand Prix: Titled Tuesday Blitz"]
[Site "Chess.com"]
[Date "2020.08.25"]
[Round "1"]
[White "Sanyura"]
[Black "AndreyNeves"]
[Result "1-0"]
[WhiteElo "2516"]
[BlackElo "2175"]
[TimeControl "180+1"]
[EndTime "10:05:55 PDT"]
[Termination "Sanyura won on time"]

1. e4 c5 2. Nf3 Nc6 3. d4 cxd4 4. Nxd4 Nf6 5. Nc3 d6 6. Bg5 e6 7. Qd2 a6 8. O-O-O Bd7 9. f3 b5 10. a3 Qc7 11. Bxf6 gxf6 12. Nxc6 Bxc6 13. Be2 Rb8 14. Kb1 a5 15. Na2 d5 16. exd5 Bxd5 17. Nc3 Bc6 18. Ne4 Bxe4 19. fxe4 Be7 20. g4 b4 21. a4 O-O 22. h4 b3 23. c3 Qc6 24. Bb5 Rxb5 25. axb5 Qxe4+ 26. Qd3 Qa4 27. Kc1 Qa1+ 28. Qb1 Qa4 29.
Rd4 Qxb5 30. Qd3 Qe5 31. Rd7 Bc5 32. Rf1 Be3+ 33. Kb1 Qc5 34. g5 Qc6 35. gxf6 1-0

[Event "*** SCC Grand Prix: Titled Tuesday Blitz"]
[Site "Chess.com"]
[Date "2020.08.25"]
[Round "1"]
[White "stepanosinovsky"]
[Black "Andreikka"]
[Result "0-1"]
[WhiteElo "2417"]
[BlackElo "2846"]
[TimeControl "180+1"]
[EndTime "10:05:58 PDT"]
[Termination "Andreikka won on time"]

1. e4 d5 2. exd5 Qxd5 3. Nc3 Qa5 4. g3 c6 5. Bg2 Bf5 6. Nge2 e6 7. O-O Nf6 8. d3 Be7 9. Ne4 Nbd7 10. b3 O-O 11. Bb2 Rad8 12. Qe1 Qc7 13. Qc3 Rfe8 14. Nd4 Bg6 15.
Rfe1 Bf8 16. Re2 Nxe4 17. dxe4 Qb6 18. a3 Nf6 19. e5 Nd5 20. Qe1 c5 21. Nf3 c4 22. Bd4 Qa6 23. b4 b6 24. h4 Bh5 25.
Re4 Qa4 26. g4 Bg6 27. h5 Bxe4 28. Qxe4 h6 29. g5 Ne7 30. gxh6 gxh6 0-1

[Event "*** SCC Grand Prix: Titled Tuesday Blitz"]
[Site "Chess.com"]
[Date "2020.08.25"]
[Round "1"]
[White "Siri20"]
[Black "Eliwood44"]
[Result "1-0"]
[WhiteElo "2703"]
[BlackElo "2364"]
[TimeControl "180+1"]
[EndTime "10:05:58 PDT"]
[Termination "Siri20 won by resignation"]

1. e4 e5 2. Nf3 Nc6 3. Bb5 a6 4. Ba4 d6 5. c3 Bd7 6. d4 g6 7. O-O Bg7 8. d5 Nce7 9. Bxd7+ Qxd7 10. c4 h6 11. Nc3 f5 12. b4 Nf6 13. a4 O-O 14.
Nd2 fxe4 15. Ndxe4 Nf5 16. Nxf6+ Rxf6 17. Ne4 Rf7 18.
Qg4 Kh7 19. Qh3 Kg8 20. Rd1 Raf8 21. Qg4 g5 22. a5 Qe7 23. h3 Nd4 24. Ra2 c6 25. h4 Rf4 26. Bxf4 Rxf4 27. Qc8+ Rf8 28.
Qh3 cxd5 29. cxd5 gxh4 30. Rc1 Rf4 31. Qc8+ Kh7 32. Rc7 Qf8 33. Qxf8 Rxf8 34. Rxb7 h3 35. gxh3 Rf4 36. Nxd6 Nf3+ 37. Kf1 e4 38. b5 axb5 39. a6 e3 40. fxe3 Rf8 41. a7 1-0

[Event "*** SCC Grand Prix: Titled Tuesday Blitz"]
[Site "Chess.com"]
[Date "2020.08.25"]
[Round "1"]
[White "LubovMarkelova"]
[Black "Gurvich_Vitaly"]
[Result "0-1"]
[WhiteElo "2254"]
[BlackElo "2585"]
[TimeControl "180+1"]
[EndTime "10:05:58 PDT"]
[Termination "Gurvich_Vitaly won by checkmate"]

1. d4 d5 2. Nf3 Bf5 3. c4 e6 4.
Qb3 Nc6 5. a3 Na5 6. Qa4+ c6 7.
cxd5 exd5 8. Nc3 Bd6 9. Bg5 f6 10. Bh4 Ne7 11. e3 b5 12. Bxb5 cxb5 13. Nxb5 Kf7 14. Nxd6+ Qxd6 15. Qxa5 Bd3 16. Qd2 Ba6 17. Bg3 Qb6 18. Rc1 Rhc8 19. b4 Rxc1+ 20. Qxc1 Rc8 21. Qb2 Qb5 22. Bd6 Qd3 23. Bc5 Nf5 24. Qd2 Qc4 25. Ng1 Qf1# 0-1

[Event "*** SCC Grand Prix: Titled Tuesday Blitz"]
[Site "Chess.com"]
[Date "2020.08.25"]
[Round "1"]
[White "ExtremeLearner"]
[Black "cassoulet"]
[Result "0-1"]
[WhiteElo "2372"]
[BlackElo "2711"]
[TimeControl "180+1"]
[EndTime "10:06:02 PDT"]
[Termination "cassoulet won by resignation"]

1. d4 Nf6 2. Nf3 g6 3. g3 Bg7 4.
Bg2 O-O 5. O-O d5 6. c4 dxc4 7. Na3 c3 8. bxc3 c6 9. Nd2 Nbd7 10. e4 Nb6 11. Nac4 Nxc4 12. Nxc4 Be6 13. Ne3 Qc8 14. a4 Bh3 15. Ba3 Bxg2 16. Nxg2 Nxe4 17. Qd3 Nd6 18. Bxd6 exd6 19. Rfe1 Qd7 20. Rab1 b6 21. a5 b5 22. Ne3 a6 23. Qf1 Rac8 24. Qg2 Rfe8 25. h4 Qc7 26. Ng4 c5 27. Qd5 h5 28. Ne3 Qxa5 29. Qxd6 Qxc3 30.
dxc5 Qxc5 31. Qxa6 b4 32. Qa4 Bc3 33. Red1 Ra8 34.
Qb3 Rxe3 35. fxe3 Qxe3+ 36. Kg2 Qe2+ 37. Kh3 Ra2 38. Rd8+ Kg7 39. Qxa2 Qxa2 40. Rf1 Qe6+ 0-1

[Event "*** SCC Grand Prix: Titled Tuesday Blitz"]
[Site "Chess.com"]
[Date "2020.08.25"]
[Round "1"]
[White "Marty435"]
[Black "Srisshhhtea"]
[Result "1-0"]
[WhiteElo "2633"]
[BlackElo "2298"]
[TimeControl "180+1"]
[EndTime "10:06:02 PDT"]
[Termination "Marty435 won on time"]

1. g3 Nf6 2. Bg2 g6 3. d4 Bg7 4.
e4 d6 5. Ne2 O-O 6. O-O Nbd7 7.
c4 e5 8. d5 Nh5 9. Nbc3 f5 10.
exf5 gxf5 11. f4 e4 12. Be3 Nhf6 13. h3 Nc5 14. Nd4 Qe8 15. Rb1 Qg6 16. Bf2 Nd3 17. Nde2 Nh5 18. Kh2 Bd7 19. Be3 Kh8 20. Rg1 Rab8 21.
g4 fxg4 22. Bxe4 Bf5 23. Qxd3 1-0

[Event "*** SCC Grand Prix: Titled Tuesday Blitz"]
[Site "Chess.com"]
[Date "2020.08.25"]
[Round "1"]
[White "dretch"]
[Black "michaelk123"]
[Result "1-0"]
[WhiteElo "2757"]
[BlackElo "2397"]
[TimeControl "180+1"]
[EndTime "10:06:03 PDT"]
[Termination "dretch won on time"]

1. d4 Nf6 2. c4 g6 3. Nc3 d5 4. e3 Bg7 5. Qb3 c6 6. Nf3 O-O 7. Be2 a5 8. cxd5 Nxd5 9. O-O Nxc3 10.
bxc3 b5 11. Rd1 Be6 12. c4 Na6 13. e4 bxc4 14. Bxc4 Rb8 15. Qc3 Bxc4 16. Qxc4 Qb6 17. Bg5 Rb7 18. Rac1 Rc8 19. d5 Rbc7 20. Bf4 Rd7 21. Ng5 h6 22. Nxf7 Kxf7 23. dxc6+ 1-0

[Event "*** SCC Grand Prix: Titled Tuesday Blitz"]
[Site "Chess.com"]
[Date "2020.08.25"]
[Round "1"]
[White "pastouche06"]
[Black "MikeSailer"]
[Result "1-0"]
[WhiteElo "2516"]
[BlackElo "2175"]
[TimeControl "180+1"]
[EndTime "10:06:03 PDT"]
[Termination "pastouche06 won by resignation"]

1. d4 d5 2. c4 Bf5 3. Nc3 e6 4. Nf3 Nc6 5. Bf4 Nf6 6. e3 Bb4 7. Rc1 O-O 8. Be2 Ne4 9. O-O h6 10. h3 a6 11. cxd5 exd5 12. a3 Bd6 13. Nxd5 Bxf4 14.
Nxf4 Qd7 15. Qb3 g5 16. Nd3 b5 17. Nc5 Nxc5 18. Rxc5 Be4 19. Rfc1 Na5 20. Qc3 Nc4 21. Ne5 Nxe5 22. Rxe5 f5 23. f3 Bb7 24.
Qxc7 Qxc7 25. Rxc7 Rab8 26. Ree7 1-0

[Event "*** SCC Grand Prix: Titled Tuesday Blitz"]
[Site "Chess.com"]
[Date "2020.08.25"]
[Round "1"]
[White "Siniauski"]
[Black "lacafi"]
[Result "1-0"]
[WhiteElo "2508"]
[BlackElo "2143"]
[TimeControl "180+1"]
[EndTime "10:06:06 PDT"]
[Termination "Siniauski won by resignation"]

1. e4 c6 2. d4 d5 3. Nc3 dxe4 4. Nxe4 Nf6 5. Nxf6+ exf6 6. c3 Bd6 7. Bd3 O-O 8.
Qc2 h5 9. Be3 h4 10. h3 Re8 11.
Nf3 Nd7 12. O-O-O Nf8 13. Nxh4 b5 14. Nf5 Bxf5 15. Bxf5 Ne6 16. h4 Qc8 17. h5 Qc7 18. h6 g6 19. Bxg6 fxg6 20. Qxg6+ Kh8 21. Qxf6+ Kh7 22. Qf5+ Kh8 23. Rh4 Re7 24. Qf6+ Kh7 25. Rg4 Rf8 26. Qg6+ Kh8 27. Rh1 Bf4 28. Qg7+ Rxg7 29.
hxg7+ Kg8 30. gxf8=Q+ Kxf8 31. Rh8+ Ke7 32. Rh7+ 1-0

[Event "*** SCC Grand Prix: Titled Tuesday Blitz"]
[Site "Chess.com"]
[Date "2020.08.25"]
[Round "1"]
[White "KyronGriffith"]
[Black "vladislavkovalev"]
[Result "0-1"]
[WhiteElo "2431"]
[BlackElo "2885"]
[TimeControl "180+1"]
[EndTime "10:06:07 PDT"]
[Termination "vladislavkovalev won by resignation"]

1. e4 e5 2. Nf3 Nc6 3. Nc3 Nf6 4. d4 Bb4 5. Nxe5 Qe7 6. Qd3 Nxe5 7. dxe5 Qxe5 8. Bd2 O-O 9. O-O-O d6 10. f4 Qe7 11.
Re1 Re8 12. e5 dxe5 13. fxe5 Ng4 14. Nd5 Bxd2+ 15. Qxd2 Qc5 16. Bd3 Nxe5 17. b4 Qd6 18.
Rhf1 Be6 19. Be4 Rad8 20. c4 c6 21. Nf6+ gxf6 22. Qh6 f5 23. Bxf5 0-1

[Event "*** SCC Grand Prix: Titled Tuesday Blitz"]
[Site "Chess.com"]
[Date "2020.08.25"]
[Round "1"]
[White "swimmerchess"]
[Black "chessablanca"]
[Result "1-0"]
[WhiteElo "2817"]
[BlackElo "2409"]
[TimeControl "180+1"]
[EndTime "10:06:07 PDT"]
[Termination "swimmerchess won by checkmate"]

1. e4 e5 2. Nf3 Nc6 3. Bb5 a6 4. Ba4 Nf6 5. O-O Be7 6. Re1 b5 7. Bb3 O-O 8. c3 d6 9. h3 Na5 10. Bc2 c5 11. d4 Qc7 12. Nbd2 cxd4 13. cxd4 Nc6 14. Nb3 a5 15. Be3 a4 16. Nbd2 Bd7 17.
Rc1 Rfc8 18. Qe2 Nb4 19. Bb1 Qxc1 20. Rxc1 Rxc1+ 21. Kh2 exd4 22. Nxd4 Rac8 23. a3 Nc6 24. Nxb5 d5 25. Ba2 Ne5 26. exd5 h5 27. d6 Neg4+ 28. hxg4 Nxg4+ 29. Kg3 h4+ 30. Kf3 Bf6 31. Nd4 Ne5+ 32. Ke4 Ng4 33. Nf5 Bc6+ 34. Kf4 Ne5 35. Ne7+ Kh8 36.
Qh5# 1-0

[Event "*** SCC Grand Prix: Titled Tuesday Blitz"]
[Site "Chess.com"]
[Date "2020.08.25"]
[Round "1"]
[White "ditkin25"]
[Black "BilodeauA"]
[Result "1-0"]
[WhiteElo "2434"]
[BlackElo "2828"]
[TimeControl "180+1"]
[EndTime "10:06:09 PDT"]
[Termination "ditkin25 won by resignation"]

1. e4 c5 2. Nf3 Nc6 3. Nc3 d6 4. d4 cxd4 5. Nxd4 Nf6 6. Bc4 e6 7. Be3 a6 8. a3 Be7 9. O-O O-O 10. Ba2 Bd7 11. f4 b5 12. Qe1 Rc8 13. Qg3 Nh5 14.
Qf3 Nf6 15. Qg3 Qc7 16. Rae1 Kh8 17. Kh1 Nxd4 18. Bxd4 a5 19. e5 dxe5 20. fxe5 Ne8 21. Ne4 Bc6 22. Nd6 Bxd6 23. exd6 Qb7 24. Bxe6 Rd8 25.
d7 Bxd7 26. Bxf7 Bc6 27. Rxe8 1-0

[Event "*** SCC Grand Prix: Titled Tuesday Blitz"]
[Site "Chess.com"]
[Date "2020.08.25"]
[Round "1"]
[White "Shivagami"]
[Black "bratkoo"]
[Result "0-1"]
[WhiteElo "2229"]
[BlackElo "2556"]
[TimeControl "180+1"]
[EndTime "10:06:13 PDT"]
[Termination "bratkoo won by resignation"]

1. f4 d5 2. Nf3 c5 3. g3 Bg4 4. Bg2 Nc6 5. d3 Bxf3 6. Bxf3 e5 7. e3 Nf6 8. O-O Be7 9. b3 O-O 10. Bb2 exf4 11. gxf4 d4 12. e4 Rc8 13. Nd2 a6 14.
Kh1 b5 15. Rg1 Kh8 16. Qe1 Nb4 17. Qg3 Rg8 18. e5 Nfd5 19. Be4 g6 20. Qh3 Nxc2 21. Rac1 Nce3 22. Nf3 Nxf4 23. Qh6 Ne6 24. Rg3 Qf8 25.
Qh3 Qd8 26. Qh6 Bf8 27. Qh3 Nf4 0-1

[Event "*** SCC Grand Prix: Titled Tuesday Blitz"]
[Site "Chess.com"]
[Date "2020.08.25"]
[Round "1"]
[White "Agent-JL"]
[Black "Zkid"]
[Result "0-1"]
[WhiteElo "2416"]
[BlackElo "2838"]
[TimeControl "180+1"]
[EndTime "10:06:14 PDT"]
[Termination "Zkid won on time"]

1. d4 d5 2. c4 dxc4 3. Nf3 Nf6 4. e3 e6 5. Bxc4 c5 6. O-O a6 7. a4 Be7 8. Nc3 Nc6 9. d5 exd5 10. Nxd5 Nxd5 11.
Bxd5 Nb4 12. Bc4 O-O 13. Qb3 Bf6 14. Bd2 Nc6 15. Bd5 Ne7 16. Be4 Qc7 17. Rac1 Rb8 18. Qc2 g6 19. b4 c4 20. Qxc4 Qxc4 21. Rxc4 Be6 22. Rc7 Nd5 23. Rc5 Nb6 24. a5 Nc4 25. Rc1 Nxd2 26. Nxd2 Be7 27. Rc7 Bxb4 28. Nc4 Rfc8 29.
Ne5 Rxc7 30. Rxc7 Bd6 31. Nd7 Bxc7 0-1

[Event "*** SCC Grand Prix: Titled Tuesday Blitz"]
[Site "Chess.com"]
[Date "2020.08.25"]
[Round "1"]
[White "Kopytkin"]
[Black "Yaacovn"]
[Result "1-0"]
[WhiteElo "2432"]
[BlackElo "2815"]
[TimeControl "180+1"]
[EndTime "10:06:14 PDT"]
[Termination "Kopytkin won on time"]

1. e4 c6 2. d4 d5 3. exd5 cxd5 4. c4 Nf6 5. Nc3 e6 6. Nf3 Be7 7. Bd3 dxc4 8. Bxc4 O-O 9. O-O Nc6 10. Re1 b6 11. Be3 Bb7 12. Rc1 Rc8 13. Bd3 Nb4 14. Bb1 Nbd5 15. Ne5 Nxe3 16. Rxe3 g6 17. Qd2 Nd5 18.
Rh3 Bg5 19. Qd1 Bxc1 20. Qxc1 Qf6 21. Nd7 Qf4 22. Qe1 Nxc3 23. bxc3 Rfd8 24. Ne5 Kg7 25. g3 Qg5 26. f4 Qe7 27. Qe3 Ba8 28. f5 exf5 29.
Qh6+ Kf6 30. g4 Be4 31. gxf5 1-0

[Event "*** SCC Grand Prix: Titled Tuesday Blitz"]
[Site "Chess.com"]
[Date "2020.08.25"]
[Round "1"]
[White "Smascher17"]
[Black "AungTZ"]
[Result "1-0"]
[WhiteElo "2511"]
[BlackElo "2137"]
[TimeControl "180+1"]
[EndTime "10:06:14 PDT"]
[Termination "Smascher17 won by resignation"]

1. e4 c5 2. Nf3 Nc6 3. d4 cxd4 4.
Nxd4 Nf6 5. Nc3 d6 6. Bg5 e6 7. f4 Be7 8. Qd2 h6 9. Bxf6 Bxf6 10. Ndb5 O-O 11. Nxd6 Bxc3 12. bxc3 e5 13. f5 Qf6 14. Bc4 Rd8 15. O-O-O Kh7 16. Bxf7 Bd7 17. Bg6+ Kh8 18. Nf7+ Kg8 19. Nxd8 Rxd8 20. Qe3 Qe7 21. c4 Rc8 22. Rhf1 Nd4 23. Rxd4 exd4 24. Qxd4 Bc6 25. f6 gxf6 26. Rxf6 Rd8 27. Qc3 Bxe4 28. Bxe4 Qxe4 29.
Qg3+ Kh8 30. Rxh6+ 1-0

[Event "*** SCC Grand Prix: Titled Tuesday Blitz"]
[Site "Chess.com"]
[Date "2020.08.25"]
[Round "1"]
[White "GustavoJuarezF"]
[Black "Zhani-Z"]
[Result "0-1"]
[WhiteElo "2077"]
[BlackElo "2488"]
[TimeControl "180+1"]
[EndTime "10:06:14 PDT"]
[Termination "Zhani-Z won on time"]

1. e4 c5 2. Nc3 e6 3. g3 d5 4. d3 Nf6 5. Bg2 dxe4 6. Nxe4 Nxe4 7. Bxe4 Bd6 8. Ne2 Nc6 9. O-O O-O 10. Be3 e5 11. Bg2 f5 12. f4 Be6 13. Qd2 Qd7 14. fxe5 Nxe5 15. Bf4 Rae8 16. Nc3 b6 17. Rae1 Bf7 18.
Re3 Ng4 19. Rxe8 Rxe8 20. Bxd6 Qxd6 21. Ne2 Ne3 22. Rf2 Nxg2 23. Rxg2 Bd5 24. Rf2 Qe5 25. Nc3 Bc6 0-1

[Event "*** SCC Grand Prix: Titled Tuesday Blitz"]
[Site "Chess.com"]
[Date "2020.08.25"]
[Round "1"]
[White "smshk35"]
[Black "frequentblunders"]
[Result "1-0"]
[WhiteElo "2475"]
[BlackElo "2019"]
[TimeControl "180+1"]
[EndTime "10:06:14 PDT"]
[Termination "smshk35 won by resignation"]

1. e4 e6 2. d4 d5 3. Nd2 Nf6 4. Bd3 c5 5. e5 Nfd7 6. c3 Nc6 7.
Ngf3 f5 8. exf6 Nxf6 9. O-O Bd6 10. dxc5 Bxc5 11. c4 O-O 12. b3 d4 13. a3 a5 14. Re1 Qd6 15. Ne4 Nxe4 16. Rxe4 e5 17. Qc2 Bf5 18. Re1 Bxd3 19. Qxd3 Rae8 20. Bb2 h6 21.
Re4 Qg6 22. Rae1 Rf4 23. Rxd4 Qxd3 24. Rxd3 e4 25. Rd7 Re7 26. Rxe7 Nxe7 27. Nd4 Nc6 28. Rd1 Nxd4 29. Bxd4 Bxa3 30. Bc3 Bb4 31. Bxb4 axb4 32. Rd7 Rf7 33. Rd5 Re7 34. Kf1 e3 35. f3 e2+ 36.
Ke1 Kf7 37. Rb5 Ke6 38. Kxe2 Kd6+ 39. Kf2 Kc6 40. Rxb4 Kc5 41. Rb5+ Kd4 42. g3 Kc3 43. Rb6 Rd7 44. Ke3 Rd3+ 45. Kf4 Rd2 46. h4 Rb2 47. Rxb7 Rxb3 48. Rxb3+ 1-0

[Event "*** SCC Grand Prix: Titled Tuesday Blitz"]
[Site "Chess.com"]
[Date "2020.08.25"]
[Round "1"]
[White "SharapovEvgeny"]
[Black "sergiochess83"]
[Result "0-1"]
[WhiteElo "2422"]
[BlackElo "2854"]
[TimeControl "180+1"]
[EndTime "10:06:15 PDT"]
[Termination "sergiochess83 won by resignation"]

1. e4 c5 2. Nf3 e6 3. d4 cxd4 4. Nxd4 Nc6 5. Nb5 d6 6. c4 Nf6 7. N5c3 Be7 8. Be2 O-O 9. O-O b6 10. Be3 Bb7 11. Nd2 Ne5 12. f3 Re8 13. Rc1 Rc8 14.
Qe1 Qc7 15. Qf2 Qb8 16. Rfd1 Bf8 17. a3 h6 18. b4 d5 19. cxd5 exd5 20. Nxd5 Bxd5 21.
exd5 Rxc1 22. Rxc1 Nxd5 23. Bd4 Nf4 24. Bxe5 Qxe5 25. Bf1 Qb2 26. Rc7 Qxa3 27. g3 Ne6 28. Rb7 Bxb4 29. Nc4 Qa1 30. Kg2 Bc5 31. Qd2 Nd4 32.
Qd3 a5 33. Nxb6 Qb2+ 34. Kh3 Bxb6 35. Qc4 Rf8 0-1

[Event "*** SCC Grand Prix: Titled Tuesday Blitz"]
[Site "Chess.com"]
[Date "2020.08.25"]
[Round "1"]
[White "alfiefischer77"]
[Black "MartinCerveny"]
[Result "0-1"]
[WhiteElo "2291"]
[BlackElo "2625"]
[TimeControl "180+1"]
[EndTime "10:06:17 PDT"]
[Termination "MartinCerveny won on time"]

1. e4 c5 2. Nf3 d6 3. d4 cxd4 4.
Nxd4 Nf6 5. Nc3 a6 6. Bg5 e6 7. f4 Qc7 8. Bxf6 gxf6 9. Qd2 Nc6 10. O-O-O Bd7 11. Kb1 O-O-O 12. Be2 h5 13. Rhf1 Kb8 14. f5 Be7 15. Bf3 Rc8 16. Nxc6+ Bxc6 17. Ne2 Qb6 18. Nf4 Bd7 19. Nxh5 e5 20. g4 Rc4 21. Ng3 d5 22.
Qxd5 Rhc8 23. Qxd7 Rxc2 24. b3 Ba3 25. Qd3 Rb2+ 26.
Ka1 Rcc2 0-1

[Event "*** SCC Grand Prix: Titled Tuesday Blitz"]
[Site "Chess.com"]
[Date "2020.08.25"]
[Round "1"]
[White "Chessdreamer2020"]
[Black "EnergeticHay"]
[Result "1-0"]
[WhiteElo "2525"]
[BlackElo "2191"]
[TimeControl "180+1"]
[EndTime "10:06:17 PDT"]
[Termination "Chessdreamer2020 won by resignation"]

1. e4 c5 2. Nf3 d6 3. d4 cxd4 4. Qxd4 Nf6 5. h3 Nc6 6. Qe3 g6 7. Be2 Bg7 8. O-O O-O 9. Rd1 Qa5 10. c4 h6 11. Nc3 Be6 12. Rb1 a6 13. a3 Qc5 14. b4 Qxe3 15. Bxe3 Rfc8 16. Na4 Nd7 17.
c5 dxc5 18. bxc5 Rab8 19. Bf4 Nde5 20. Nb6 Rd8 21. Nxe5 Nxe5 22. Nd5 Bxd5 23. exd5 g5 24. Bh2 Rbc8 25. Rxb7 Rxc5 26. Rxe7 Rcxd5 27. Rxd5 Rxd5 28. Bxe5 Rxe5 29. Rxe5 Bxe5 30. Bxa6 Bd4 31. Kf1 Bb6 32. a4 f6 33. Bc4+ Kf8 34. f3 Ke7 35. Ke2 Kd6 36. Kd3 Kc5 37. g4 Ba5 38. Bf7 Kd6 39. Kc4 Be1 40. Kb5 Ke5 41. a5 Kf4 42. a6 Bf2 43. Bd5 Ba7 44. Kc6 Bb8 45. Kb7 Be5 46. a7 1-0

[Event "*** SCC Grand Prix: Titled Tuesday Blitz"]
[Site "Chess.com"]
[Date "2020.08.25"]
[Round "1"]
[White "korkmaz16"]
[Black "frederiksvane"]
[Result "0-1"]
[WhiteElo "2286"]
[BlackElo "2618"]
[TimeControl "180+1"]
[EndTime "10:06:19 PDT"]
[Termination "frederiksvane won by resignation"]

1. e4 c5 2. Nc3 e6 3. f4 d5 4. Nf3 dxe4 5. Nxe4 Nc6 6. Bb5 Bd7 7. O-O Nf6 8. Nxf6+ gxf6 9. d3 a6 10. Bxc6 Bxc6 11.
Qe2 Rg8 12. Be3 Qd5 13. Rae1 O-O-O 14. Rf2 Bd6 15. Nd2 Kb8 16. Ne4 Be7 17. f5 e5 18. Rf3 c4 19. Bb6 Rd7 20. dxc4 Qxe4 21. Qxe4 Bxe4 22. Rxe4 Rd2 23. Rf2 Rd1+ 24. Rf1 Rd2 25.
Rf2 Rd6 26. Be3 Rc8 27. b3 b5 28. cxb5 axb5 29. g3 Rd1+ 30. Kg2 Ra1 31. c4 bxc4 32.
bxc4 Kc7 33. c5 Kc6 34. Rb4 Bxc5 35. Rc4 Kd5 36. Rd2+ Kxc4 37. Rc2+ Kd5 0-1

[Event "*** SCC Grand Prix: Titled Tuesday Blitz"]
[Site "Chess.com"]
[Date "2020.08.25"]
[Round "1"]
[White "rugbyclub"]
[Black "SamuelGhimpu2003"]
[Result "0-1"]
[WhiteElo "2177"]
[BlackElo "2516"]
[TimeControl "180+1"]
[EndTime "10:06:19 PDT"]
[Termination "SamuelGhimpu2003 won by resignation"]

1. c4 Nf6 2. Nc3 e6 3. e4 d5 4. e5 d4 5. exf6 dxc3 6. bxc3 Qxf6 7. d4 e5 8. Nf3 exd4 9. Bg5 Qe6+ 10. Be2 Be7 11.
cxd4 Bxg5 12. Nxg5 Qg6 13. h4 h6 14. Nf3 O-O 15. O-O Bh3 16. Ne1 Bf5 17. Nf3 Nd7 18. Qb3 b6 19. g3 Rae8 20. Rfe1 Bg4 21. Bf1 Qf5 22. Bg2 Bxf3 23. Bxf3 Nf6 24. Bc6 Re6 25. Rxe6 fxe6 26. Bf3 Ne8 27. Kg2 Nd6 28. c5 bxc5 29.
dxc5 Qxc5 30. Qxe6+ Kh8 31. Qg6 Qc3 0-1

[Event "*** SCC Grand Prix: Titled Tuesday Blitz"]
[Site "Chess.com"]
[Date "2020.08.25"]
[Round "1"]
[White "Larina_Marija"]
[Black "FMJoseHerrera"]
[Result "0-1"]
[WhiteElo "2099"]
[BlackElo "2495"]
[TimeControl "180+1"]
[EndTime "10:06:22 PDT"]
[Termination "FMJoseHerrera won on time"]

1. e4 c5 2. Nc3 e6 3. g3 a6 4. Bg2 Qc7 5. Nge2 b5 6. d4 cxd4 7. Nxd4 Bb7 8. O-O d6 9. a4 b4 10.
Nce2 Nf6 11. Qd3 Nbd7 12. Nb3 Be7 13. Bf4 Rc8 14. c3 bxc3 15. Nxc3 O-O 16. Rac1 Qb8 17.
Rfd1 Ne5 18. Qe2 Rfd8 19. Na5 Ba8 20. Rc2 Qb4 21. Bxe5 dxe5 22. Rxd8+ Rxd8 23. Qxa6 Nxe4 24. Nxe4 Bxe4 25. Bxe4 Rd1+ 26. Kg2 Qxe4+ 27. Kh3 Qxc2 28. Nc6 Qf5+ 0-1

[Event "*** SCC Grand Prix: Titled Tuesday Blitz"]
[Site "Chess.com"]
[Date "2020.08.25"]
[Round "1"]
[White "A-Fier"]
[Black "rynos0411"]
[Result "0-1"]
[WhiteElo "2752"]
[BlackElo "2417"]
[TimeControl "180+1"]
[EndTime "10:06:23 PDT"]
[Termination "rynos0411 won on time"]

1. d4 d5 2. c4 c6 3. Nc3 Nf6 4. e3 e6 5. Nf3 Bd6 6. Bd3 O-O 7. O-O Nbd7 8. e4 dxe4 9. Nxe4 Nxe4 10. Bxe4 Nf6 11.
Bc2 h6 12. c5 Bc7 13. Re1 b6 14. Qe2 bxc5 15. dxc5 a5 16. Bd3 Qe7 17. Be3 Nd5 18.
Rac1 Rd8 19. g3 Nb4 20. Bc4 a4 21. a3 Nd5 22. Bd4 Rb8 23. Ne5 Bb7 24. Qg4 Nf6 25. Qh4 g5 26. Qxh6 Rxd4 27. Ng6 fxg6 0-1

[Event "*** SCC Grand Prix: Titled Tuesday Blitz"]
[Site "Chess.com"]
[Date "2020.08.25"]
[Round "1"]
[White "BillieKimbah"]
[Black "eightbyeightchess"]
[Result "1-0"]
[WhiteElo "2871"]
[BlackElo "2428"]
[TimeControl "180+1"]
[EndTime "10:06:25 PDT"]
[Termination "BillieKimbah won by resignation"]

1. d4 d5 2. Nf3 Nf6 3. Bg5 Bf5 4. Bxf6 exf6 5. e3 Bd6 6. c4 c6 7. cxd5 cxd5 8. Nc3 O-O 9. Be2 Nd7 10. Qb3 Nb6 11.
O-O Rc8 12. Rfc1 Bb8 13. Nd2 Qd6 14. g3 Be6 15. a4 Qd7 16. a5 Nc4 17. Nxc4 dxc4 18.
Qc2 b5 19. axb6 axb6 20. Qa4 Qb7 21. Bf1 Bd7 22. Qb4 Bc6 23. Qxc4 Bf3 24. Qa6 Qc6 25. Qa4 Qe6 26. Qb5 h5 27. Bg2 Bxg2 28. Kxg2 h4 29.
Qh5 hxg3 30. hxg3 Qc6+ 31. d5 1-0

[Event "*** SCC Grand Prix: Titled Tuesday Blitz"]
[Site "Chess.com"]
[Date "2020.08.25"]
[Round "1"]
[White "Vuk2000"]
[Black "MF1966Idrisov"]
[Result "1-0"]
[WhiteElo "2717"]
[BlackElo "2380"]
[TimeControl "180+1"]
[EndTime "10:06:25 PDT"]
[Termination "Vuk2000 won by resignation"]

1. d4 d6 2. Bg5 f5 3. Nf3 Nf6 4. Bxf6 exf6 5. e3 d5 6. c4 c6 7. cxd5 cxd5 8. Nc3 Nc6 9. Qb3 Bb4 10. Bb5 Bxc3+ 11.
Qxc3 Bd7 12. O-O O-O 13. Rac1 Ne7 14. Bd3 Qb6 15. Qa3 Rfe8 16. Rc5 Be6 17. Rfc1 Rac8 18. b4 Kf7 19. Nd2 Rxc5 20. dxc5 Qc7 21. Qxa7 Nc6 22. Qa4 d4 23. exd4 Nxd4 24. Nc4 Re7 25. Nd6+ Kg6 26. b5 Nf3+ 27. gxf3 h5 28. Qf4 b6 29. Kh1 bxc5 30.
Bxf5+ Bxf5 31. Qxf5+ Kh6 32. Rg1 1-0

[Event "*** SCC Grand Prix: Titled Tuesday Blitz"]
[Site "Chess.com"]
[Date "2020.08.25"]
[Round "1"]
[White "Ermito2020"]
[Black "GodDMuhammad"]
[Result "1-0"]
[WhiteElo "2626"]
[BlackElo "2290"]
[TimeControl "180+1"]
[EndTime "10:06:25 PDT"]
[Termination "Ermito2020 won by resignation"]

1. e4 c6 2. d4 d5 3. e5 Bf5 4. Nf3 e6 5. Be2 c5 6. Be3 Nc6 7. O-O Qb6 8. Nc3 c4 9. b3 Qa5 10. Bd2 Bb4 11. Qe1 Bxc2 12. bxc4 Nge7 13. a3 Bxc3 14. Bxc3 Qc7 15. c5 O-O 16. Qd2 Bg6 17. Nh4 Nf5 18. Nxf5 Bxf5 19. g4 Bg6 20. f4 f5 21. g5 b6 22. cxb6 axb6 23. Rfc1 Qb7 24. h4 Rfc8 25. h5 Be8 26. Kf2 Na5 27. Bxa5 bxa5 28.
Rc3 Qb6 29. Rac1 Rxc3 30. Qxc3 a4 31. h6 Bd7 32. Qc5 Qb2 33. Qe7 Qxd4+ 34. Kg2 gxh6 35.
gxh6 Qe4+ 36. Bf3 1-0

[Event "*** SCC Grand Prix: Titled Tuesday Blitz"]
[Site "Chess.com"]
[Date "2020.08.25"]
[Round "1"]
[White "regular_legs"]
[Black "The_Chess_Coach"]
[Result "1-0"]
[WhiteElo "2522"]
[BlackElo "2189"]
[TimeControl "180+1"]
[EndTime "10:06:25 PDT"]
[Termination "regular_legs won by resignation"]

1. d4 Nf6 2. c4 g6 3. Nc3 Bg7 4. e4 d6 5. h3 O-O 6. Be3 e5 7. d5 Nbd7 8. g4 c6 9. Nge2 Nc5 10. Ng3 cxd5 11. cxd5 a5 12. Be2 Bd7 13. h4 a4 14.
h5 Qa5 15. Kf1 a3 16. Qd2 axb2 17. Qxb2 Qa3 18. Rb1 Rfc8 19. g5 Ne8 20. Bd2 Qxb2 21. Rxb2 Ra3 22. hxg6 hxg6 23. Kg2 Nc7 24. Rhb1 N7a6 25.
Nf1 f5 26. gxf6 Bxf6 27. Ne3 Kf7 28. Nc4 Ke7 29. Nxa3 Rh8 30. Nc4 Bh3+ 31. Kg1 Bd7 32. Ne3 g5 33. Bg4 Bxg4 34. Nxg4 Rh4 35. f3 Bg7 1-0

[Event "*** SCC Grand Prix: Titled Tuesday Blitz"]
[Site "Chess.com"]
[Date "2020.08.25"]
[Round "1"]
[White "Bigfish1995"]
[Black "RestartingChess"]
[Result "1-0"]
[WhiteElo "3064"]
[BlackElo "2451"]
[TimeControl "180+1"]
[EndTime "10:06:26 PDT"]
[Termination "Bigfish1995 won by resignation"]

1. e4 d5 2. exd5 Qxd5 3. Nf3 Nf6 4. d4 Nc6 5. Be2 a6 6. O-O Bg4 7. c4 Qd8 8. d5 Bxf3 9. Bxf3 Ne5 10. Nc3 Nxf3+ 11.
Qxf3 g6 12. Re1 Bg7 13. Bf4 O-O 14. Re2 Qd7 15. Rae1 Rfe8 16. h3 Rad8 17. Be5 b5 18. b3 bxc4 19. bxc4 Rb8 20. Qf4 Rb4 21. Qd4 c6 22.
Qc5 Qb7 23. dxc6 Qb6 24. Qxb6 Rxb6 25. c7 Rc6 26. Nd5 Rxc4 27. Bxf6 Rc5 28. Nxe7+ Rxe7 29. Bxe7 Rxc7 30. Bd6 1-0